 Dungeon Crawl Stone Soup version 0.28.0 (webtiles) character file.

Game seed: 6695917339892970827

109 zeram the Conjurer (level 4, -3/27 HPs)
             Began as an Octopode Conjurer on Feb 4, 2022.
             Slain by an iguana (14 damage)
             ... on level 3 of the Dungeon.
             The game lasted 00:05:06 (2923 turns).

zeram the Conjurer (Octopode Conjurer)              Turns: 2923, Time: 00:05:07

Health: -3/27      AC:  1    Str:  6    XL:     4   Next: 89%
Magic:  6/7        EV: 13    Int: 22    God:
Gold:   142        SH:  0    Dex: 10    Spells: 2/8 levels left

rFire   . . .      SeeInvis .   g - +2 dagger (elec)
rCold   . . .      Faith    .   (no shield)
rNeg    . . .      Spirit   .   (helmet restricted)
rPois   .          Reflect  .   (no amulet)
rElec   .          Harm     .   (no ring)
rCorr   .          Rampage  .   (no ring)
Will    .....                   (no ring)
Stlth   +++.......              (no ring)
HPRegen 0.09/turn               (no ring)
MPRegen 0.10/turn               (no ring)
                                (no ring)
                                (no ring)

@: no status effects
A: almost no armour, amphibious, 8 rings, camouflage 1, gelatinous body 1,
(nimble swimmer 1), tentacles
a: no special abilities


You were on level 3 of the Dungeon.
You visited 1 branch of the dungeon, and saw 3 of its levels.

You collected 142 gold pieces.

Inventory:

Hand Weapons
 a - a +0 whip
 g - a +2 dagger of electrocution (weapon)
 h - a +0 dagger of venom
Jewellery
 k - an amulet of the acrobat
Potions
 b - a potion of resistance {unknown}
 c - a potion of berserk rage {unknown}
 d - a potion of flight {unknown}
 e - 3 potions of degeneration {unknown}
 f - a potion of lignification {unknown}
 i - a potion of heal wounds {unknown}
 l - a potion of brilliance {unknown}
 m - a potion of haste {unknown}


   Skills:
 - Level 0.5 Maces & Flails
 + Level 2.4 Dodging
 - Level 2.6 Stealth
 + Level 2.5 Spellcasting
 + Level 5.4 Conjurations


You had 2 spell levels left.
You knew the following spells:

 Your Spells              Type           Power      Damage    Failure   Level
a - Magic Dart            Conj           100%       1d8       1%          1
b - Searing Ray           Conj           52%        2d6       1%          2
c - Dazzling Flash        Conj/Hex       28%        N/A       13%         3

Your spell library contained the following spells:

 Spells                   Type           Power      Damage    Failure   Level
 Corpse Rot               Necr/Air       4%         N/A       21%         2
 Poisonous Vapours        Pois/Air       4%         N/A       21%         2
 Fulminant Prism          Conj/Hex       7%         3d7       38%         4
 Iskenderun's Mystic Bla  Conj/Tloc      14%        2d5       38%         4
 Summon Lightning Spire   Summ/Air       2%         N/A       78%         4
 Storm Form               Tmut/Air       1%         N/A       100%        7
 Maxwell's Capacitive Co  Air            1%         ∞         100%        8


Dungeon Overview and Level Annotations

Branches:
Dungeon (3/15)

Altars:

Shops:
D:1 (*


Innate Abilities, Weirdness & Mutations

You cannot wear most types of armour.
You are amphibious.
You can wear up to eight rings at the same time.
Your skin changes colour to match your surroundings (Stealth+).
Your rubbery body absorbs attacks. (AC +1, EV +1)
((You are camouflaged when in or above water. (Stealth+)))
You have tentacles for arms and can constrict up to eight enemies at once.


Message History

You see here a +0 dagger.
A quokka comes into view.
A quokka is nearby!
A quokka is nearby!
A quokka is nearby!
Found a thin glowing staff.
Found a whip and 15 gold pieces.
An iguana comes into view.
The helpless quokka fails to defend itself.
You puncture the quokka!
You kill the quokka!
An iguana is nearby!
An iguana is nearby!
The iguana hisses angrily.
You hit the iguana but do no damage. You grab the iguana.
You constrict the iguana, but do no damage.
The iguana closely misses you.
You hit the iguana but do no damage.
You constrict the iguana, but do no damage.
The iguana bites you.
You hit the iguana.
The iguana is lightly wounded.
You constrict the iguana, but do no damage.
The iguana bites you.
You hit the iguana. Lightning courses through the iguana!
The iguana is severely wounded.
You constrict the iguana, but do no damage.
The iguana bites you!
You are too injured to fight recklessly!
You are too injured to fight recklessly!
Casting: Magic Dart (safe; 1% risk of failure)
Confirm with . or Enter, or press ? or * to list all spells.
Aiming: Magic Dart (safe; 1% risk of failure)
Press: ? - help, Shift-Dir - straight line, f - iguana
Aim: an iguana (severely wounded, constricted by you, 100% to hit)
The magic dart hits the iguana.
The iguana is severely wounded.
You constrict the iguana. The iguana bites you!
Ouch! That really hurt!
You die...

### .. # ##.#.## ###l....##
####..@###...####
###....#.#.#.#....#
#........#.#......##
#....#.........#...###
####.......##.##...)...)####
......###.#...#.###........
#.#.#.#).........$#.#)..##.
##.#...###.#...#.###)÷.#.##.
#.....)....##.##.......#..#.


You could see an iguana.

Vanquished Creatures
  5 adders
  5 orcs (D:3)
  2 ball pythons
  4 bats
  5 endoplasms
  2 giant cockroaches
  4 goblins
  7 hobgoblins
  7 jackals
  2 quokkas
  3 frilled lizards
  6 kobolds
  3 rats
55 creatures vanquished.

Vanquished Creatures (others)
  A fungus (D:2)
  6 plants (D:2)
  4 toadstools (D:1)
11 creatures vanquished.

Grand Total: 66 creatures vanquished

Notes
Turn   | Place    | Note
-------+----------+-------------------------------------------
     0 | D:1      | zeram the Octopode Conjurer began the quest for the Orb.
     0 | D:1      | Reached XP level 1. HP: 11/11 MP: 3/3
   176 | D:1      | Found Equf's Assorted Antiques.
   510 | D:1      | Reached XP level 2. HP: 15/17 MP: 1/5
   516 | D:1      | Learned a level 2 spell: Searing Ray
   686 | D:1      | Found Matweil's Antique Weapon Boutique.
   909 | D:2      | Reached XP level 3. HP: 18/21 MP: 1/6
  1037 | D:2      | Found a faded altar of an unknown god.
  1141 | D:2      | Learned a level 3 spell: Dazzling Flash
  1584 | D:2      | Reached skill level 5 in Conjurations
  2006 | D:3      | Reached XP level 4. HP: 27/27 MP: 7/7
  2923 | D:3      | Slain by an iguana

Illustrated notes

Levels and vault maps discovered:
D:1:      ldierk_walled_garden_2, layout_basic, serial_shops, shop,
          nicolae_square_shop
D:2:      layout_loops_ring, dreamdust_ecumenical_altar_grove
D:3:      layout_basic, minmay_misc_feat_x, minivault_14,
          minmay_fractal_squares_5

Skill      XL: |  1  2  3 |
---------------+----------+-----
Conjurations   | 5 |  5.4
Maces & Flails | |  0.5
Dodging        | |  2.4
Stealth        | |  2.6
Spellcasting   | |  2.5

Action                   |  1- 3 |  4- 6 || total
-------------------------+-------+-------++-------
Melee: Whip              |    17 |       ||    17
       Constrict         |     8 |    10 ||    18
       Tentacles         |     6 |     7 ||    13
       Dagger            |    28 |    32 ||    60
 Cast: Magic Dart        |    28 |     6 ||    34
       Searing Ray       |       |     2 ||     2
  Use: Scroll            |     3 |       ||     3
 Stab: Sleeping          |     6 |     6 ||    12
Armor: Skin              |     2 |     2 ||     4
Dodge: Dodged            |    24 |    20 ||    44
